 Dungeon Crawl Stone Soup version 0.31-a0-1278-g11c5b68f87 (webtiles) character file.

Game seed: 1906439268953838358

95 gelatine the Shooter (level 4, -3/30 HPs)
             Began as an Octopode Hunter on Dec 18, 2023.
             Slain by Duvessa
             ... wielding a +0 short sword
              (12 damage)
             ... on level 4 of the Dungeon.
             The game lasted 00:05:10 (2350 turns).

gelatine the Shooter (Octopode Hunter)              Turns: 2350, Time: 00:05:10

Health: -3/30      AC:  1    Str: 10    XL:     4   Next: 66%
Magic:  13/13      EV: 13    Int: 11    God:
Gold:   278        SH:  0    Dex: 17    Spells: 3/3 levels left

rFire   . . .        a - +0 shortbow
rCold   + . .        (shield currently unavailable)
rNeg    . . .        (helmet restricted)
rPois   .            h - amulet of regeneration
rElec   .            d - ring of magical power
rCorr   .            i - ring of protection from cold
SInv    .            (no ring)
Will    .....        (no ring)
Stlth   +            (no ring)
HPRegen 1.05/turn    (no ring)
MPRegen 0.13/turn    (no ring)
                     (no ring)

%: no passive effects
@: lit by a corona, glowing
A: almost no armour, amphibious, 8 rings, camouflage 1, gelatinous body 1,
(nimble swimmer 1), tentacles
a: no special abilities


You were on level 4 of the Dungeon.
You visited 1 branch of the dungeon, and saw 4 of its levels.

You collected 278 gold pieces.

Inventory:

Hand Weapons
 a - a +0 shortbow (weapon)
 m - a +0 broad axe
Armour
 c - a +0 tower shield
Jewellery
 d - a ring of magical power (left tentacle)
 h - an amulet of regeneration (around mantle)
 i - a ring of protection from cold (right tentacle)
Wands
 s - a wand of roots (11)
 t - a wand of flame (6)
Scrolls
 b - a scroll of butterflies
 e - a scroll of enchant weapon {unknown}
 f - a scroll of blinking {unknown}
 g - 3 scrolls of fog {unknown}
 j - 2 scrolls of noise {unknown}
 n - 3 scrolls of identify {unknown}
 p - a scroll of torment {unknown}
 q - a scroll of acquirement {unknown}
 r - a scroll of teleportation {unknown}
 v - 2 scrolls of immolation {unknown}
 w - a scroll of vulnerability {unknown}
 x - a scroll of fear {unknown}
Potions
 k - a potion of resistance {unknown}
 l - a potion of attraction {unknown}
 o - a potion of invisibility {unknown}
 u - a potion of magic {unknown}


   Skills:
 + Level 2.8 Fighting
 + Level 5.4 Ranged Weapons
 + Level 2.1 Dodging
 + Level 1.5 Stealth


You had 3 spell levels left.
You didn't know any spells.
Your spell library contained the following spells:

 Spells                   Type           Power      Damage    Failure   Level
 Ensorcelled Hibernation  Hex/Ice        0%         N/A       47%         2
 Jinxbite                 Hex            0%         N/A       47%         2
 Lesser Beckoning         Tloc           0%         N/A       47%         2
 Call Canine Familiar     Summ           0%         N/A       71%         3
 Gell's Gravitas          Tloc           0%         N/A       71%         3
 Sigil of Binding         Hex            0%         N/A       71%         3
 Teleport Other           Tloc           0%         N/A       71%         3
 Anguish                  Hex/Necr       0%         N/A       98%         4
 Dimensional Bullseye     Hex/Tloc       0%         N/A       98%         4


Dungeon Overview and Level Annotations

Branches:
Dungeon (4/15)
 Temple: D:4-7

Altars:
Vehumet

Shops:
D:3 [

Annotations:
D:4 Dowan, Duvessa


Innate Abilities, Weirdness & Mutations

You cannot wear most types of armour.
You are amphibious.
You can wear up to eight rings at the same time.
Your skin changes colour to match your surroundings (Stealth+).
Your rubbery body absorbs attacks. (AC +1, EV +1)
((You are camouflaged when in or above water. (Stealth+)))
You have tentacles for arms and can constrict up to eight enemies at once.


Message History

There is an open door here.
There is an open door here.
There is an open door here.
There is an open door here.
g - 3 scrolls labelled JILOSE QOSED (gained 1)
Things that are here:
a +0 dagger; a +0 leather armour; an orc corpse
There is an open door here.
You see here a +0 hand axe.
There is an open door here.
You open the door.
There is an open door here.
Found a stone staircase leading up.
x - a scroll labelled AFUCOSHRUU SISA You open the door.
There is an open door here.
Dowan, Brother of Duvessa comes into view.
He is wielding a +1 dagger of venom.
Dowan shouts!
Dowan gestures at something while chanting.
You shoot an arrow.
The arrow hits Dowan but does no damage.
Duvessa, Sister of Dowan comes into view.
She is wielding a +0 short sword and wearing a +2 ring mail of willpower.
You shoot an arrow. The arrow closely misses Dowan.
Duvessa shouts!
You shoot an arrow. The arrow closely misses Duvessa.
Dowan gestures at you while chanting.
You are outlined in light.
You shoot an arrow. The arrow hits Duvessa.
Duvessa is lightly wounded.
You shoot an arrow.
The arrow hits Duvessa but does no damage.
Duvessa is lightly wounded.
Duvessa gestures with her weapon.
Duvessa hits you with a +0 short sword!
You shoot an arrow. The arrow barely misses Duvessa.
Duvessa barely misses you.
You shoot an arrow. The arrow barely misses Duvessa.
Duvessa hits you with a +0 short sword!
* * * LOW HITPOINT WARNING * * *
Duvessa hits you with a +0 short sword!
You die...

.<.........#.........
...........#.........
...........+.........
...........##'##########
#########...............
#...............
#...............
#........e......
#######.......@e......
###...............#####.
.........##########
.........# .........#
.........# .........#
##########


You could see Duvessa (fast) and Dowan.

Vanquished Creatures
  2 adders
  2 worms (D:2)
  A dart slug (D:3)
  7 orcs
  6 bats
  10 endoplasms
  3 giant cockroaches
  7 goblins
  A hobgoblin (D:1)
  4 jackals
  3 quokkas
  3 ball pythons
  5 frilled lizards
  2 kobolds
  4 rats
60 creatures vanquished.

Notes
Turn   | Place    | Note
-------+----------+-------------------------------------------
     0 | D:1      | gelatine the Octopode Hunter began the quest for the Orb.
     0 | D:1      | Reached XP level 1. HP: 14/14 MP: 1/1
   105 | D:1      | Reached XP level 2. HP: 19/19 MP: 2/2
   496 | D:1      | Reached XP level 3. HP: 25/25 MP: 3/3
   934 | D:2      | Reached skill level 5 in Ranged Weapons
  1245 | D:3      | Reached XP level 4. HP: 30/30 MP: 4/4
  1447 | D:3      | Found Gour's Armour Shop.
  1479 | D:3      | Found a faded altar of an unknown god.
  1564 | D:3      | Found a radiant altar of Vehumet.
  2343 | D:4      | Noticed Dowan
  2344 | D:4      | Noticed Duvessa
  2350 | D:4      | Slain by Duvessa

Illustrated notes

Levels and vault maps discovered:
D:1:      minmay_arrival_glassed_features, layout_basic, st_stairs_4
D:2:      layout_rooms
D:3:      layout_basic, vehumet_altar_wand_db,
          shapermc_ecumenical_altar_totnotflames, serial_shops, shop,
          minmay_close_crescents
D:4:      layout_gridville, uniq_duvessa

Skill      XL: |  1  2  3 |
---------------+----------+-----
Ranged Weapons | 5 |  5.4
Fighting       | |  2.8
Dodging        | |  2.1
Stealth        | |  1.5

Action                     |  1- 3 |  4- 6 || total
---------------------------+-------+-------++-------
   Fire: Shortbow          |   108 |    65 ||   173
 Armour: Skin              |    26 |    15 ||    41
  Dodge: Dodged            |    35 |    12 ||    47

Table legend: (Time is in decaauts)
 A = Elapsed time spent in this place.
 B = Non-inter-level travel time spent in this place.
 C = Inter-level travel time spent in this place.
 D = Time resting spent in this place.
 E = Time spent auto-exploring this place.
 F = Levels seen in this place.
 G = Mean time per level.
                   A        B        C        D        E       F      G
               +--------+--------+--------+--------+--------+-----+--------+
         Total |   2374 |   2306 |     68 |      0 |   1934 |   4 |  593.5 |
       Dungeon |   2374 |   2306 |     68 |      0 |   1934 |   4 |  593.5 |
               +--------+--------+--------+--------+--------+-----+--------+

Top non-repeatable levels by time:
     D:3: 953 daAuts
     D:1: 739 daAuts
     D:2: 372 daAuts
     D:4: 309 daAuts
